 Dungeon Crawl Stone Soup version 0.28.0-53-g5a82cb258f (webtiles) character file.

Game seed: 16200101514413581604

210 thriggle the Digger (level 5, -1/30 HPs)
             Began as a Gargoyle Earth Elementalist on June 16, 2022.
             Slain by Crazy Yiuf
             ... wielding a +3 quarterstaff of chaos
              (6 damage)
             ... on level 4 of the Dungeon.
             The game lasted 00:09:37 (3399 turns).

thriggle the Digger (Gargoyle Earth Elementalist)   Turns: 3399, Time: 00:09:39

Health: -1/30      AC:  7    Str: 13    XL:     5   Next: 87%
Magic:  6/8        EV: 12    Int: 16    God:
Gold:   135        SH:  0    Dex: 10    Spells: 3/9 levels left

rFire   . . .      SeeInvis .   k - +0 short sword
rCold   . . .      Faith    .   (no shield)
rNeg    + . .      Spirit   .   b - +1 robe
rPois   ∞          Reflect  .   (no helmet)
rElec   +          Harm     .   (no cloak)
rCorr   .          Rampage  .   (no gloves)
Will    .....                   (no boots)
Stlth   ++........              y - amulet of magic regeneration
HPRegen 0.10/turn               (no ring)
MPRegen 0.51/turn               (no ring)

@: no status effects
A: sickness immunity, AC +4, negative energy resistance 1, electricity
resistance, torment resistance 1, petrification resistance
a: no special abilities


You were on level 4 of the Dungeon.
You visited 1 branch of the dungeon, and saw 4 of its levels.

You collected 135 gold pieces.

Inventory:

Hand Weapons
 a - a +0 dagger
 e - a +0 club
 k - a +0 short sword (weapon)
 u - a +0 hand axe
 v - a +0 long sword
Missiles
 c - 99 stones
Armour
 b - a +1 robe (worn)
 w - a +0 chain mail
Jewellery
 y - an amulet of magic regeneration (around neck)
Wands
 t - a wand of flame (18)
 x - a wand of polymorph (10)
Scrolls
 f - 2 scrolls of teleportation
 g - a scroll of fear
 h - a scroll of magic mapping {unknown}
 i - a scroll of brand weapon {unknown}
 j - a scroll of blinking {unknown}
 m - a scroll of enchant armour
 n - a scroll of immolation {unknown}
 q - a scroll of identify
 s - a scroll of fog {unknown}
 A - a scroll of holy word {unknown}
Potions
 d - a potion of invisibility {unknown}
 l - 3 potions of degeneration {unknown}
 o - a potion of resistance {unknown}
 p - a potion of might {unknown}
 r - a potion of curing {unknown}
 z - a potion of heal wounds {unknown}
 B - a potion of magic {unknown}


   Skills:
 + Level 1.6 Fighting
 + Level 1.5 Maces & Flails
 + Level 2.0 Armour
 + Level 2.2 Dodging
 + Level 3.1 Stealth
 + Level 2.5 Spellcasting
 + Level 1.5 Conjurations
 - Level 1.2 Transmutations
 + Level 4.2 Earth Magic


You had 3 spell levels left.
You knew the following spells:

 Your Spells              Type           Power      Damage    Failure   Level
a - Sandblast             Erth           30%        2d9       3%          1
b - Stone Arrow           Conj/Erth      22%        3d8       19%         3
c - Passwall              Tmut/Erth      8%         N/A       10%         2

Your spell library contained the following spells:

 Spells                   Type           Power      Damage    Failure   Level
 Petrify                  Tmut/Erth      10%        N/A       54%         4


Dungeon Overview and Level Annotations

Branches:
Dungeon (4/15)
 Temple: D:4-7

Altars:

Annotations:
D:4 Crazy Yiuf, Eustachio


Innate Abilities, Weirdness & Mutations

You are immune to sickness and miasma.
Your stone body is resilient. (AC +4)
You are immune to poison.
You resist negative energy. (rN+)
You are resistant to electric shocks. (rElec)
You are resistant to unholy torment.
You are immune to petrification.


Message History

Crazy Yiuf cries, "Gum Hive koolooloo!"
Crazy Yiuf hits you with a +3 quarterstaff of chaos!
Crazy Yiuf burns you.
Casting: Sandblast (safe; 3% risk of failure)
Confirm with . or Enter, or press ? or * to list all spells.
Aiming: Sandblast (safe; 3% risk of failure)
Press: ? - help, Shift-Dir - straight line, f - Crazy Yiuf
Aim: Crazy Yiuf, wielding a +3 quarterstaff of chaos and wearing a +1 cloak (82% to hit)
The blast of sand hits Crazy Yiuf.
Crazy Yiuf is lightly wounded.
Crazy Yiuf hits you with a +3 quarterstaff of chaos.
Space warps around you.
Casting: Sandblast (safe; 3% risk of failure)
Confirm with . or Enter, or press ? or * to list all spells.
Aiming: Sandblast (safe; 3% risk of failure)
Press: ? - help, Shift-Dir - straight line, f/p - Crazy Yiuf
Aim: Crazy Yiuf, wielding a +3 quarterstaff of chaos and wearing a +1 cloak (lightly wounded, 82% to hit)
The blast of sand hits Crazy Yiuf.
Crazy Yiuf is moderately wounded.
Crazy Yiuf misses you.
Casting: Sandblast (safe; 3% risk of failure)
Confirm with . or Enter, or press ? or * to list all spells.
Aiming: Sandblast (safe; 3% risk of failure)
Press: ? - help, Shift-Dir - straight line, f/p - Crazy Yiuf
Aim: Crazy Yiuf, wielding a +3 quarterstaff of chaos and wearing a +1 cloak (moderately wounded, 82% to hit)
The blast of sand hits Crazy Yiuf but does no damage.
Crazy Yiuf is moderately wounded.
Crazy Yiuf hits you with a +3 quarterstaff of chaos!
* * * LOW HITPOINT WARNING * * *
Crazy Yiuf burns you.
* * * LOW HITPOINT WARNING * * *
Casting: Sandblast (safe; 3% risk of failure)
Confirm with . or Enter, or press ? or * to list all spells.
Aiming: Sandblast (safe; 3% risk of failure)
Press: ? - help, Shift-Dir - straight line, f/p - Crazy Yiuf
Aim: Crazy Yiuf, wielding a +3 quarterstaff of chaos and wearing a +1 cloak (moderately wounded, 82% to hit)
The blast of sand hits Crazy Yiuf!
Crazy Yiuf is severely wounded.
Crazy Yiuf hits you with a +3 quarterstaff of chaos.
You die...

###.........................#
#).........#####'##########
..#..........#(............#
..#..........+.............#
..#...###################'###
..#..<# #......# ..#...#
#......# ..#...##♣♣ #####
#......# ..#...#..♣♣ ♣♣#@.)#
#......# ..'.....PP♣♣♣♣.'.g.#
#......# ..#...O..P.♣..♣#...#
#......# ..##+##...♣.♣♣♣#####
#......# ......##♣♣♣♣♣
#......# O.....# #......#
......####### #####......#
......##....# #..........#
......##....# #....#######


You could see Crazy Yiuf.

Vanquished Creatures
  Blork the orc (D:4)
  An iguana (D:3)
  5 adders
  3 dart slugs (D:1)
  3 ball pythons
  9 endoplasms
  2 giant cockroaches
  6 goblins
  11 hobgoblins
  5 jackals
  4 kobolds
  2 quokkas
  3 bats (D:3)
  5 frilled lizards
  8 rats
68 creatures vanquished.

Notes
Turn   | Place    | Note
-------+----------+-------------------------------------------
     0 | D:1      | thriggle the Gargoyle Earth Elementalist began the quest
                  | for the Orb.
     0 | D:1      | Reached XP level 1. HP: 10/10 MP: 3/3
    82 | D:1      | Reached XP level 2. HP: 16/16 MP: 0/5
   247 | D:1      | Reached skill level 1 in Transmutations
   429 | D:1      | Reached XP level 3. HP: 18/20 MP: 2/6
   441 | D:1      | Learned a level 3 spell: Stone Arrow
   444 | D:1      | Learned a level 2 spell: Passwall
   816 | D:2      | Reached skill level 1 in Armour
   934 | D:2      | Reached skill level 1 in Fighting
  1278 | D:2      | Reached XP level 4. HP: 25/25 MP: 5/7
  1297 | D:2      | Reached skill level 1 in Maces & Flails
  2062 | D:3      | Reached skill level 4 in Earth Magic
  2531 | D:3      | Reached skill level 1 in Conjurations
  2544 | D:3      | Reached XP level 5. HP: 25/29 MP: 8/8
  3041 | D:4      | Noticed Blork the orc
  3047 | D:4      | Killed Blork the orc
  3338 | D:4      | Noticed Eustachio
  3358 | D:4      | Noticed an ogre
  3389 | D:4      | Found a runed translucent door.
  3390 | D:4      | Noticed Crazy Yiuf
  3399 | D:4      | Slain by Crazy Yiuf

Illustrated notes

Levels and vault maps discovered:
D:1:      matt_arrival_grand_opening, layout_rooms, chequers_arboretum
D:2:      layout_rooms
D:3:      layout_loops_cross, minmay_cut_off
D:4:      layout_gridville, minmay_temple_entry_ruins, minmay_quantized,
          uniq_crazy_yiuf_cottage, uniq_blork_the_orc, uniq_eustachio

Skill      XL: |  1  2  3  4  5 |
---------------+----------------+-----
Transmutations | 1 |  1.2
Armour         | 1 2 |  2.0
Fighting       | 1 |  1.6
Maces & Flails | 1 |  1.5
Earth Magic    | 4 |  4.2
Dodging        | 2 |  2.2
Conjurations   | 1 |  1.5
Stealth        | 3 |  3.1
Spellcasting   | |  2.5

Action                   |  1- 3 |  4- 6 || total
-------------------------+-------+-------++-------
Melee: Dagger            |    22 |       ||    22
       Club              |     6 |     3 ||     9
       Short sword       |    35 |   128 ||   163
       Punch             |     1 |     1 ||     2
 Cast: Sandblast         |    23 |    15 ||    38
  Use: Scroll            |       |     3 ||     3
 Stab: Sleeping          |     2 |    10 ||    12
       Distracted        |     1 |       ||     1
Armor: Robe              |    24 |    38 ||    62
       Chain mail        |       |    10 ||    10
Dodge: Dodged            |    60 |    69 ||   129
